Senators vs Mustangs

Created - 21 janvier 2017 at 19:51

Goals
1 2 3 T
Senators 1 1 1 3
Mustangs 2 1 2 5
Shots
1 2 3 T
Senators 15 14 14 43
Mustangs 8 10 21 39

1st period

1. Mustangs , Riley Nash 5 (Reilly Smith, Mark Pysyk) at 8:47
2. Mustangs , Reilly Smith 18 (Riley Armstrong, Alexei Marchenko) at 11:20
3. Senators , Milan Jurcina 3 (Logan Stephenson, Marc Denis) at 17:12 (PP)

Penalties :
Logan Stephenson (BIN) for Hooking (Minor) at 11:23, Eric Wellwood (Ham) for Hooking (Minor) at 17:00

2nd period

4. Mustangs , Joshua Leivo 4 (Joe Finley, Eric Knodel) at 2:20
5. Senators , Sergei Kostitsyn 23 (Stanislav Chistov, Cody Hodgson) at 18:03

Penalties :
Logan Stephenson (BIN) for Hooking (Minor) at 12:58, Marcus Foligno (Ham) for Holding (Minor) at 15:40

3rd period

6. Senators , Sergei Kostitsyn 24 (Cody Hodgson, Stanislav Chistov) at 1:18
7. Mustangs , Jim O'Brien 8 (J.T. Wyman, Brandon Saad) at 15:37
8. Mustangs , Ryan Keller 23 (Rick Schofield, Cameron Gaunce) at 16:14

Penalties :
Joshua Leivo (Ham) for Hooking (Minor) at 9:13, Tomas Jurco (BIN) for High sticking (Minor) at 17:05

Goalie Stats

Marc Denis (BIN), 34 saves from 39 shots - (0,872), L, 8-10-1, 60:00 minutes
Peter Mannino (Ham), 40 saves from 43 shots - (0,930), W, 13-5-6, 60:00 minutes

Players Stats for Senators

Player Name              G  A  P  +/- PIM S  H  SB GA TA FO     MP     PP MP  PK MP  
------------------------------------------------------------------------------------
Andy Hilbert             0  0  0  -2  0   2  3  0  1  0  0/1    11:27   1:51   3:26 
Arturs Kulda             0  0  0  -3  0   1  1  2  1  0  0/0    20:30   1:33   1:49 
Cody Hodgson             0  2  2   2  0   5  0  2  1  0  19/40  21:34   2:19   1:42 
Gabriel Bourque          0  0  0  -1  0   3  0  0  1  0  0/1    15:29   0:00   0:49 
Jack Skille              0  0  0  -1  0   4  0  0  1  0  2/2    16:02   1:51   0:00 
Jaden Schwartz           0  0  0  -2  0   0  0  0  1  1  0/0    11:42   0:00   0:00 
Jeff Petry               0  0  0  -3  0   1  1  2  0  1  0/0    21:37   1:33   3:29 
Josh Hennessy            0  0  0  -2  0   1  0  0  0  0  2/2     8:01   1:51   0:00 
Logan Stephenson         0  1  1   0  4   1  1  0  0  0  0/0    25:30   2:37   1:11 
Mark Olver               0  0  0  -1  0   3  3  0  0  1  8/11   15:17   0:00   0:49 
Martin Marincin          0  0  0   0  0   1  0  1  0  2  0/0    11:48   0:00   0:20 
Matt Frattin             0  0  0  -2  0   0  1  0  2  1  0/0    11:42   0:00   0:00 
Milan Jurcina            1  0  1   0  0   3  1  2  0  2  0/0    28:18   2:37   4:24 
Nick Bjugstad            0  0  0  -2  0   1  0  0  0  0  2/9    11:42   0:00   0:00 
Nicolas Deslauriers      0  0  0   0  0   0  0  1  0  0  0/0    12:27   0:00   0:41 
Sergei Kostitsyn         2  0  2   2  0   9  0  1  0  1  4/8    23:05   2:19   3:26 
Stanislav Chistov        0  2  2   2  0   8  0  0  1  1  1/1    21:34   2:19   1:42 
Tomas Jurco              0  0  0  -2  2   0  2  0  0  0  0/0     6:15   0:00   0:00 

Players Stats for Mustangs

Player Name              G  A  P  +/- PIM S  H  SB GA TA FO     MP     PP MP  PK MP  
------------------------------------------------------------------------------------
Alexei Marchenko         0  1  1   2  0   2  0  2  0  6  0/0    28:43   3:45   2:54 
Brandon Saad             0  1  1   1  0   1  2  0  0  1  0/1    11:53   0:00   0:17 
Cameron Gaunce           0  1  1   2  0   3  1  4  0  0  0/0    21:05   0:00   0:00 
Eric Knodel              0  1  1   0  0   0  1  0  0  0  0/0    10:42   0:00   0:00 
Eric Wellwood            0  0  0   0  2   1  1  2  0  1  0/1    24:35   3:29   2:48 
J.T. Wyman               0  1  1   1  0   3  2  0  4  0  1/1    11:36   0:00   0:00 
Jerome Samson            0  0  0   2  0   0  0  0  0  0  0/0     7:19   0:00   0:00 
Jim O'Brien              1  0  1   1  0   3  0  0  0  0  3/3    12:06   0:00   0:30 
Joe Finley               0  1  1   0  0   0  1  2  0  0  0/0    15:51   2:12   1:28 
Joshua Leivo             1  0  1   2  2   2  0  0  0  0  0/0     8:29   0:00   0:00 
Marcus Foligno           0  0  0   0  2   0  0  0  0  0  1/1    15:43   2:28   0:22 
Mark Pysyk               0  1  1   1  0   3  0  2  1  0  0/0    23:04   3:45   2:42 
Reilly Smith             1  1  2   0  0   5  1  2  3  0  0/0    20:22   3:29   0:00 
Rick Schofield           0  1  1   0  0   1  1  0  0  0  9/19   15:50   2:28   0:43 
Riley Armstrong          0  1  1   0  0   7  1  1  0  1  22/46  24:45   3:29   2:57 
Riley Nash               1  0  1   2  0   1  1  0  1  0  1/2     7:19   0:00   0:00 
Ryan Keller              1  0  1   0  0   6  1  1  1  0  0/1    15:50   2:28   0:43 
Scott Mayfield           0  0  0   1  0   1  2  1  0  0  0/0    20:35   2:12   1:16 

3 Stars

1 - Sergei Kostitsyn (BIN)
2 - Reilly Smith (Ham)
3 - Riley Nash (Ham)

Power Play

Senators - 1 on 3 Attempt(s) - 33,33%
Mustangs - 0 on 3 Attempt(s) - 0,00%

Penalty Kill

Senators - 3 on 3 Attempt(s) - 100,00% - Score 0 goal in Penalty Kill
Mustangs - 2 on 3 Attempt(s) - 66,67% - Score 0 goal in Penalty Kill

Team Stat

Senators - Hits : 13 - Faceoff Wins : 38 - Blocked Shots : 11 - Penalty Minutes : 6
Mustangs - Hits : 15 - Faceoff Wins : 37 - Blocked Shots : 17 - Penalty Minutes : 6

Official

Referees : Marouelli Dan and McCauley Wes
Linesman : Scott Driscoll and Lonnie Cameron

Game Notes

16:14 of 3rd period - Mustangs goal is going for a video replay. After video review, Goal.

Finance

Level 1 -- Attendance: 1524 (76,20%) -- Ticket Income 60 960 $
Level 2 -- Attendance: 797 (79,70%) -- Ticket Income 15 940 $
Total Attendance: 2321 (77,37%)
Total Ticket Income: 76 900 $
Other Income: 3 845 $
Total Income: 80 745 $

Senators

5 vs 5 Forward 
   Center                   Left Wing                Right Wing               Time % Phy DF OF 
 1 Cody Hodgson             Sergei Kostitsyn         Stanislav Chistov        40     1   2  2  
 2 Mark Olver               Gabriel Bourque          Jack Skille              30     1   2  2  
 3 Nick Bjugstad            Jaden Schwartz           Matt Frattin             20     1   2  2  
 4 Josh Hennessy            Andy Hilbert             Tomas Jurco              10     1   2  2  

5 vs 5 Defense 
   Defense                  Defense                                           Time % Phy DF OF 
 1 Milan Jurcina            Logan Stephenson                                  40     1   2  2  
 2 Arturs Kulda             Jeff Petry                                        30     1   2  2  
 3 Martin Marincin          Nicolas Deslauriers                               20     1   2  2  
 4 Milan Jurcina            Logan Stephenson                                  10     1   2  2  

PowerPlay Forward 
   Center                   Left Wing                Right Wing               Time % Phy DF OF 
 1 Cody Hodgson             Sergei Kostitsyn         Stanislav Chistov        60     0   1  3  
 2 Josh Hennessy            Andy Hilbert             Jack Skille              40     1   1  3  

PowerPlay Defense
   Defense                  Defense                                           Time % Phy DF OF 
 1 Milan Jurcina            Logan Stephenson                                  60     1   2  2  
 2 Arturs Kulda             Jeff Petry                                        40     1   2  2  

Penalty Kill 4 Players Forward 
   Center                   Wing                     Time % Phy DF OF 
 1 Sergei Kostitsyn         Andy Hilbert             60     1   2  2  
 2 Cody Hodgson             Stanislav Chistov        40     1   2  2  

Penalty Kill 4 Players Defense
   Defense                  Defense                  Time % Phy DF OF 
 1 Milan Jurcina            Logan Stephenson         60     1   2  2  
 2 Arturs Kulda             Jeff Petry               40     1   2  2  

Penalty Kill - 3 Players Forward 
   Forward                                           Time % Phy DF OF 
 1 Sergei Kostitsyn                                  60     1   2  2  
 2 Andy Hilbert                                      40     1   2  2  

Penalty Kill - 3 Players Defense
   Defense                  Defense                  Time % Phy DF OF 
 1 Milan Jurcina            Logan Stephenson         60     1   2  2  
 2 Arturs Kulda             Jeff Petry               40     1   2  2  

4 vs 4 Forward 
   Center                   Wing                     Time % Phy DF OF 
 1 Sergei Kostitsyn         Andy Hilbert             60     1   2  2  
 2 Cody Hodgson             Stanislav Chistov        40     1   2  2  

4 vs 4 Defense
   Defense                  Defense                  Time % Phy DF OF 
 1 Milan Jurcina            Logan Stephenson         60     1   2  2  
 2 Arturs Kulda             Jeff Petry               40     1   2  2  

Last Minutes Offensive
   Center                   Left Wing                Right Wing               Defense                  Defense                  
   Cody Hodgson             Sergei Kostitsyn         Stanislav Chistov        Milan Jurcina            Logan Stephenson         

Last Minutes Defensive
   Center                   Left Wing                Right Wing               Defense                  Defense                  
   Cody Hodgson             Sergei Kostitsyn         Stanislav Chistov        Milan Jurcina            Logan Stephenson         

Goaltenders
Starting : Marc Denis               
Backup : Jeff Frazee              

Extra Forwards
Normal : Gabriel Bourque, Jaden Schwartz, Mark Olver - PP : Gabriel Bourque, Jaden Schwartz - PK : Mark Olver
Extra Defensemen
Normal : Martin Marincin, Jeff Petry, Arturs Kulda - PP : Martin Marincin - PK : Jeff Petry, Arturs Kulda
Penalty Shots
Sergei Kostitsyn, Andy Hilbert, Cody Hodgson, Stanislav Chistov, Josh Hennessy

Mustangs

5 vs 5 Forward 
   Center                   Left Wing                Right Wing               Time % Phy DF OF 
 1 Riley Armstrong          Eric Wellwood            Reilly Smith             40     0   2  3  
 2 Rick Schofield           Marcus Foligno           Ryan Keller              30     0   2  3  
 3 Jim O'Brien              Brandon Saad             J.T. Wyman               20     0   2  3  
 4 Riley Nash               Joshua Leivo             Jerome Samson            10     0   2  3  

5 vs 5 Defense 
   Defense                  Defense                                           Time % Phy DF OF 
 1 Cameron Gaunce           Alexei Marchenko                                  45     1   2  2  
 2 Mark Pysyk               Scott Mayfield                                    33     1   2  2  
 3 Joe Finley               Eric Knodel                                       22     1   2  2  
 4 Alexei Marchenko         Scott Mayfield                                    0      1   2  2  

PowerPlay Forward 
   Center                   Left Wing                Right Wing               Time % Phy DF OF 
 1 Riley Armstrong          Eric Wellwood            Reilly Smith             60     0   0  5  
 2 Rick Schofield           Marcus Foligno           Ryan Keller              40     0   0  5  

PowerPlay Defense
   Defense                  Defense                                           Time % Phy DF OF 
 1 Mark Pysyk               Alexei Marchenko                                  60     0   1  4  
 2 Joe Finley               Scott Mayfield                                    40     0   1  4  

Penalty Kill 4 Players Forward 
   Center                   Wing                     Time % Phy DF OF 
 1 Riley Armstrong          Eric Wellwood            60     0   5  0  
 2 Rick Schofield           Ryan Keller              40     0   5  0  

Penalty Kill 4 Players Defense
   Defense                  Defense                  Time % Phy DF OF 
 1 Mark Pysyk               Alexei Marchenko         60     1   4  0  
 2 Joe Finley               Scott Mayfield           40     1   4  0  

Penalty Kill - 3 Players Forward 
   Forward                                           Time % Phy DF OF 
 1 Eric Wellwood                                     60     0   5  0  
 2 Riley Armstrong                                   40     0   5  0  

Penalty Kill - 3 Players Defense
   Defense                  Defense                  Time % Phy DF OF 
 1 Mark Pysyk               Alexei Marchenko         60     1   4  0  
 2 Joe Finley               Scott Mayfield           40     1   4  0  

4 vs 4 Forward 
   Center                   Wing                     Time % Phy DF OF 
 1 Riley Armstrong          Reilly Smith             60     0   1  4  
 2 Rick Schofield           Ryan Keller              40     0   1  4  

4 vs 4 Defense
   Defense                  Defense                  Time % Phy DF OF 
 1 Mark Pysyk               Alexei Marchenko         60     0   2  3  
 2 Joe Finley               Scott Mayfield           40     0   2  3  

Last Minutes Offensive
   Center                   Left Wing                Right Wing               Defense                  Defense                  
   Riley Armstrong          Eric Wellwood            Reilly Smith             Mark Pysyk               Alexei Marchenko         

Last Minutes Defensive
   Center                   Left Wing                Right Wing               Defense                  Defense                  
   Rick Schofield           Marcus Foligno           Ryan Keller              Mark Pysyk               Alexei Marchenko         

Goaltenders
Starting : Peter Mannino            
Backup : Chet Pickard             

Extra Forwards
Normal : Riley Armstrong, Marcus Foligno, Ryan Keller - PP : Brandon Saad, Eric Wellwood - PK : Eric Wellwood
Extra Defensemen
Normal : Mark Pysyk, Alexei Marchenko, Scott Mayfield - PP : Alexei Marchenko - PK : Joe Finley, Mark Pysyk
Penalty Shots
Brandon Saad, Reilly Smith, Marcus Foligno, Eric Wellwood, Ryan Keller

% Time on Ice - Senators

Lines # - Real PCT - Wanted PCT - Time Play
Normal Forward
1 - 36% - 40% - 17:49
2 - 28% - 30% - 14:12
3 - 23% - 20% - 11:42
4 - 12% - 10% - 6:10
Normal Defense
1 - 40% - 40% - 20:02
2 - 33% - 30% - 16:35
3 - 22% - 20% - 11:01
4 - 5% - 10% - 2:15
PP Forward
1 - 56% - 60% - 2:19
2 - 44% - 40% - 1:51
PP Defense
1 - 63% - 60% - 2:37
2 - 37% - 40% - 1:33
PK Forward
1 - 71% - 60% - 4:15
2 - 29% - 40% - 1:42
PK Defense
1 - 85% - 60% - 5:05
2 - 15% - 40% - 0:52
PK3 Forward
1 - 0% - 60%
2 - 0% - 40%
PK3 Defense
1 - 0% - 60%
2 - 0% - 40%
44 Forward
1 - 0% - 60%
2 - 0% - 40%
44 Defense
1 - 0% - 60%
2 - 0% - 40%
Last Minute Offensive  - 0:00
Last Minute Defensive  - 0:00
Total
Forward - 60:00
Defense - 60:00

% Time on Ice - Mustangs

Lines # - Real PCT - Wanted PCT - Time Play
Normal Forward
1 - 37% - 40% - 18:32
2 - 25% - 30% - 12:39
3 - 23% - 20% - 11:23
4 - 15% - 10% - 7:19
Normal Defense
1 - 44% - 45% - 22:04
2 - 34% - 33% - 17:07
3 - 21% - 22% - 10:42
4 - 0% - 0% - 0:00
PP Forward
1 - 59% - 60% - 3:29
2 - 41% - 40% - 2:28
PP Defense
1 - 63% - 60% - 3:45
2 - 37% - 40% - 2:12
PK Forward
1 - 83% - 60% - 3:27
2 - 17% - 40% - 0:43
PK Defense
1 - 70% - 60% - 2:54
2 - 30% - 40% - 1:16
PK3 Forward
1 - 0% - 60%
2 - 0% - 40%
PK3 Defense
1 - 0% - 60%
2 - 0% - 40%
44 Forward
1 - 0% - 60%
2 - 0% - 40%
44 Defense
1 - 0% - 60%
2 - 0% - 40%
Last Minute Offensive  - 0:00
Last Minute Defensive  - 0:00
Total
Forward - 60:00
Defense - 60:00

Play by Play

1st period


0:01 of 1st period - Cody Hodgson wins face-off versus Riley Armstrong in neutral zone.
0:14 of 1st period - Wrist shot by Reilly Smith.
0:14 of 1st period - Shot Misses the Net.
0:38 of 1st period - Backhand shot by Jack Skille.
0:38 of 1st period - Shot Blocked by Alexei Marchenko.
1:19 of 1st period - J.T. Wyman is hit by Tomas Jurco.
1:33 of 1st period - Snap shot by Sergei Kostitsyn.
1:33 of 1st period - Stopped by Peter Mannino without a rebound.
1:34 of 1st period - Riley Armstrong wins face-off versus Cody Hodgson in Mustangs zone.
2:02 of 1st period - Mark Olver is hit by Eric Knodel and loses puck.
2:14 of 1st period - Icing by Marcus Foligno.
2:15 of 1st period - Rick Schofield wins face-off versus Nick Bjugstad in Mustangs zone.
2:18 of 1st period - Wrist shot by Jaden Schwartz.
2:18 of 1st period - Shot Misses the Net.
2:20 of 1st period - Slapshot by Arturs Kulda.
2:20 of 1st period - Stopped by Peter Mannino without a rebound.
2:21 of 1st period - Nick Bjugstad wins face-off versus Riley Armstrong in Mustangs zone.
2:56 of 1st period - Wrist shot by J.T. Wyman.
2:56 of 1st period - Shot Misses the Net.
3:07 of 1st period - Off-side.
3:08 of 1st period - Rick Schofield wins face-off versus Gabriel Bourque in neutral zone.
3:35 of 1st period - Wrist shot by Riley Armstrong.
3:35 of 1st period - Deflect By Reilly Smith.
3:35 of 1st period - Shot Misses the Net.
3:35 of 1st period - Puck is out of play.
3:36 of 1st period - Cody Hodgson wins face-off versus Riley Armstrong in Senators zone.
4:06 of 1st period - Backhand shot by Josh Hennessy.
4:06 of 1st period - Stopped by Peter Mannino with a rebound.
4:09 of 1st period - Icing by Joe Finley.
4:10 of 1st period - Jack Skille wins face-off versus Riley Armstrong in Mustangs zone.
4:57 of 1st period - Slapshot by Riley Armstrong.
4:57 of 1st period - Stopped by Marc Denis without a rebound.
4:58 of 1st period - Nick Bjugstad wins face-off versus Rick Schofield in Senators zone.
5:01 of 1st period - Slapshot by Ryan Keller.
5:01 of 1st period - Shot Misses the Net.
5:25 of 1st period - Jack Skille is hit by J.T. Wyman and loses puck.
5:30 of 1st period - Snap shot by J.T. Wyman.
5:30 of 1st period - Shot Misses the Net.
5:32 of 1st period - Slapshot by Mark Pysyk.
5:32 of 1st period - Shot Blocked by Jeff Petry.
5:34 of 1st period - Snap shot by Mark Pysyk.
5:34 of 1st period - Stopped by Marc Denis with a rebound.
5:36 of 1st period - Wrist shot by Jim O'Brien.
5:36 of 1st period - Shot Misses the Net.
5:46 of 1st period - Wrist shot by Mark Olver.
5:46 of 1st period - Stopped by Peter Mannino with a rebound.
5:55 of 1st period - Off-side.
5:56 of 1st period - Rick Schofield wins face-off versus Cody Hodgson in neutral zone.
6:01 of 1st period - Wrist shot by Ryan Keller.
6:01 of 1st period - Shot Misses the Net.
6:12 of 1st period - Off-side.
6:13 of 1st period - Jim O'Brien wins face-off versus Nick Bjugstad in neutral zone.
6:18 of 1st period - Slapshot by Cameron Gaunce.
6:18 of 1st period - Stopped by Marc Denis without a rebound.
6:19 of 1st period - J.T. Wyman wins face-off versus Nick Bjugstad in Senators zone.
6:20 of 1st period - Snap shot by Jim O'Brien.
6:20 of 1st period - Shot Blocked by Milan Jurcina.
6:22 of 1st period - Snap shot by Alexei Marchenko.
6:22 of 1st period - Stopped by Marc Denis with a rebound.
7:51 of 1st period - Wrist shot by Ryan Keller.
7:51 of 1st period - Shot Blocked by Nicolas Deslauriers.
8:47 of 1st period - Wrist shot by Riley Nash.
8:47 of 1st period - Goal by Riley Nash - Senators : 0 - Mustangs : 1.
8:48 of 1st period - Riley Armstrong wins face-off versus Cody Hodgson in neutral zone.
9:34 of 1st period - Snap shot by J.T. Wyman.
9:34 of 1st period - Stopped by Marc Denis with a rebound.
10:21 of 1st period - Wrist shot by Cody Hodgson.
10:21 of 1st period - Shot Misses the Net.
10:23 of 1st period - Snap shot by Cody Hodgson.
10:23 of 1st period - Shot Blocked by Alexei Marchenko.
10:25 of 1st period - Slapshot by Cody Hodgson.
10:25 of 1st period - Shot Misses the Net.
10:27 of 1st period - Snap shot by Stanislav Chistov.
10:27 of 1st period - Stopped by Peter Mannino without a rebound.
10:28 of 1st period - Mark Olver wins face-off versus Riley Armstrong in Mustangs zone.
10:29 of 1st period - Slapshot by Gabriel Bourque.
10:29 of 1st period - Shot Misses the Net.
10:33 of 1st period - Wrist shot by Gabriel Bourque.
10:33 of 1st period - Shot Blocked by Scott Mayfield.
10:35 of 1st period - Snap shot by Logan Stephenson.
10:35 of 1st period - Shot Hit the Post.
10:37 of 1st period - Snap shot by Jack Skille.
10:37 of 1st period - Shot Blocked by Riley Armstrong.
10:39 of 1st period - Snap shot by Mark Olver.
10:39 of 1st period - Stopped by Peter Mannino without a rebound.
10:40 of 1st period - Cody Hodgson wins face-off versus Riley Armstrong in Mustangs zone.
10:47 of 1st period - Slapshot by Sergei Kostitsyn.
10:47 of 1st period - Stopped by Peter Mannino with a rebound.
10:49 of 1st period - Wrist shot by Stanislav Chistov.
10:49 of 1st period - Shot Misses the Net.
10:51 of 1st period - Snap shot by Milan Jurcina.
10:51 of 1st period - Stopped by Peter Mannino with a rebound.
10:53 of 1st period - Snap shot by Stanislav Chistov.
10:53 of 1st period - Shot Blocked by Reilly Smith.
10:55 of 1st period - Wrist shot by Sergei Kostitsyn.
10:55 of 1st period - Shot Misses the Net.
11:05 of 1st period - Eric Wellwood is hit by Logan Stephenson and loses puck.
11:20 of 1st period - Snap shot by Reilly Smith.
11:20 of 1st period - Goal by Reilly Smith - Senators : 0 - Mustangs : 2.
11:21 of 1st period - Cody Hodgson wins face-off versus Rick Schofield in neutral zone.
11:23 of 1st period - Minor Penalty to Logan Stephenson for Hooking.
11:24 of 1st period - Sergei Kostitsyn wins face-off versus Riley Armstrong in Senators zone.
11:39 of 1st period - Icing by Reilly Smith.
11:40 of 1st period - Riley Armstrong wins face-off versus Sergei Kostitsyn in Mustangs zone.
11:44 of 1st period - Off-side.
11:45 of 1st period - Riley Armstrong wins face-off versus Sergei Kostitsyn in neutral zone.
11:53 of 1st period - Off-side.
11:54 of 1st period - Sergei Kostitsyn wins face-off versus Riley Armstrong in neutral zone.
12:03 of 1st period - Snap shot by Sergei Kostitsyn.
12:03 of 1st period - Shot Misses the Net.
12:17 of 1st period - Snap shot by Riley Armstrong.
12:17 of 1st period - Shot Misses the Net.
13:23 of 1st period - Penalty to Logan Stephenson is over, Logan Stephenson is back on ice.
14:04 of 1st period - Snap shot by Gabriel Bourque.
14:04 of 1st period - Stopped by Peter Mannino without a rebound.
14:05 of 1st period - Mark Olver wins face-off versus Riley Nash in Mustangs zone.
14:14 of 1st period - Snap shot by Jack Skille.
14:14 of 1st period - Stopped by Peter Mannino without a rebound.
14:15 of 1st period - Riley Nash wins face-off versus Cody Hodgson in Mustangs zone.
14:20 of 1st period - Wrist shot by Riley Nash.
14:20 of 1st period - Shot Blocked by Sergei Kostitsyn.
14:28 of 1st period - Slapshot by Cody Hodgson.
14:28 of 1st period - Stopped by Peter Mannino with a rebound.
15:12 of 1st period - Wrist shot by Jack Skille.
15:12 of 1st period - Shot Blocked by Reilly Smith.
15:14 of 1st period - Snap shot by Gabriel Bourque.
15:14 of 1st period - Shot Misses the Net.
15:26 of 1st period - Mark Pysyk is hit by Andy Hilbert and loses puck.
15:45 of 1st period - Snap shot by Stanislav Chistov.
15:45 of 1st period - Shot Blocked by Mark Pysyk.
15:47 of 1st period - Slapshot by Sergei Kostitsyn.
15:47 of 1st period - Stopped by Peter Mannino with a rebound.
15:49 of 1st period - Wrist shot by Sergei Kostitsyn.
15:49 of 1st period - Shot Blocked by Ryan Keller.
15:51 of 1st period - Slapshot by Logan Stephenson.
15:51 of 1st period - Shot Misses the Net.
15:53 of 1st period - Snap shot by Stanislav Chistov.
15:53 of 1st period - Shot Misses the Net.
16:07 of 1st period - Brandon Saad is hit by Milan Jurcina and loses puck.
16:27 of 1st period - Icing by Nicolas Deslauriers.
16:28 of 1st period - Mark Olver wins face-off versus Riley Armstrong in Senators zone.
16:28 of 1st period - Mark Olver is hit by Cameron Gaunce.
17:00 of 1st period - Minor Penalty to Eric Wellwood for Hooking.
17:01 of 1st period - Marcus Foligno wins face-off versus Cody Hodgson in Mustangs zone.
17:12 of 1st period - Slapshot by Milan Jurcina.
17:12 of 1st period - Goal by Milan Jurcina - Senators : 1 - Mustangs : 2.
17:13 of 1st period - Stanislav Chistov wins face-off versus Rick Schofield in neutral zone.
17:20 of 1st period - Wrist shot by Cody Hodgson.
17:20 of 1st period - Shot Misses the Net.
17:40 of 1st period - Slapshot by J.T. Wyman.
17:40 of 1st period - Shot Blocked by Milan Jurcina.
17:56 of 1st period - Wrist shot by Stanislav Chistov.
17:56 of 1st period - Stopped by Peter Mannino with a rebound.
18:42 of 1st period - Slapshot by Josh Hennessy.
18:42 of 1st period - Shot Misses the Net.
18:48 of 1st period - Wrist shot by Andy Hilbert.
18:48 of 1st period - Stopped by Peter Mannino without a rebound.
18:49 of 1st period - Riley Armstrong wins face-off versus Mark Olver in Mustangs zone.
19:23 of 1st period - Snap shot by Ryan Keller.
19:23 of 1st period - Stopped by Marc Denis with a rebound.
19:37 of 1st period - J.T. Wyman is hit by Andy Hilbert and loses puck.
Goals for this period are 1 for Senators vs 2 for Mustangs.
Shots for this period are 15 for Senators vs 8 for Mustangs.

2nd period


0:01 of 2nd period - Riley Armstrong wins face-off versus Cody Hodgson in neutral zone.
0:26 of 2nd period - Snap shot by Ryan Keller.
0:26 of 2nd period - Stopped by Marc Denis with a rebound.
1:07 of 2nd period - Stanislav Chistov is hit by Joe Finley and loses puck.
1:47 of 2nd period - Jerome Samson is hit by Jeff Petry and loses puck.
2:10 of 2nd period - Wrist shot by Riley Nash.
2:10 of 2nd period - Shot Misses the Net.
2:12 of 2nd period - Slapshot by Riley Nash.
2:12 of 2nd period - Shot Misses the Net.
2:14 of 2nd period - Slapshot by Joe Finley.
2:14 of 2nd period - Shot Misses the Net.
2:16 of 2nd period - Snap shot by Eric Knodel.
2:16 of 2nd period - Shot Blocked by Jeff Petry.
2:18 of 2nd period - Slapshot by Eric Knodel.
2:18 of 2nd period - Shot Blocked by Arturs Kulda.
2:20 of 2nd period - Snap shot by Joe Finley.
2:20 of 2nd period - Deflect By Joshua Leivo.
2:20 of 2nd period - Goal by Joshua Leivo - Senators : 1 - Mustangs : 3.
2:21 of 2nd period - Riley Armstrong wins face-off versus Cody Hodgson in neutral zone.
2:47 of 2nd period - Logan Stephenson is hit by Brandon Saad and loses puck.
3:35 of 2nd period - Eric Wellwood is hit by Andy Hilbert and loses puck.
4:13 of 2nd period - Wrist shot by Jack Skille.
4:13 of 2nd period - Shot Misses the Net.
4:15 of 2nd period - Snap shot by Gabriel Bourque.
4:15 of 2nd period - Shot Misses the Net.
4:17 of 2nd period - Slapshot by Milan Jurcina.
4:17 of 2nd period - Shot Misses the Net.
4:19 of 2nd period - Slapshot by Logan Stephenson.
4:19 of 2nd period - Shot Misses the Net.
4:21 of 2nd period - Snap shot by Mark Olver.
4:21 of 2nd period - Stopped by Peter Mannino without a rebound.
4:22 of 2nd period - Cody Hodgson wins face-off versus Riley Armstrong in Mustangs zone.
4:25 of 2nd period - Wrist shot by Sergei Kostitsyn.
4:25 of 2nd period - Stopped by Peter Mannino with a rebound.
4:37 of 2nd period - Backhand shot by Cody Hodgson.
4:37 of 2nd period - Shot Blocked by Eric Wellwood.
6:02 of 2nd period - Snap shot by Riley Armstrong.
6:02 of 2nd period - Shot Misses the Net.
6:04 of 2nd period - Snap shot by Reilly Smith.
6:04 of 2nd period - Stopped by Marc Denis without a rebound.
6:05 of 2nd period - Mark Olver wins face-off versus Rick Schofield in Senators zone.
6:49 of 2nd period - Mark Pysyk is hit by Arturs Kulda and loses puck.
7:41 of 2nd period - Slapshot by Stanislav Chistov.
7:41 of 2nd period - Stopped by Peter Mannino with a rebound.
7:43 of 2nd period - Wrist shot by Stanislav Chistov.
7:43 of 2nd period - Stopped by Peter Mannino without a rebound.
7:44 of 2nd period - Sergei Kostitsyn wins face-off versus Riley Armstrong in Mustangs zone.
7:49 of 2nd period - Snap shot by Stanislav Chistov.
7:49 of 2nd period - Stopped by Peter Mannino with a rebound.
8:58 of 2nd period - Jeff Petry is hit by Eric Wellwood and loses puck.
9:03 of 2nd period - Slapshot by Riley Armstrong.
9:03 of 2nd period - Stopped by Marc Denis without a rebound.
9:04 of 2nd period - Riley Armstrong wins face-off versus Cody Hodgson in Senators zone.
9:54 of 2nd period - Wrist shot by Jaden Schwartz.
9:54 of 2nd period - Shot Misses the Net.
9:56 of 2nd period - Wrist shot by Nick Bjugstad.
9:56 of 2nd period - Stopped by Peter Mannino without a rebound.
9:57 of 2nd period - Riley Armstrong wins face-off versus Cody Hodgson in Mustangs zone.
10:24 of 2nd period - Arturs Kulda is hit by Ryan Keller and loses puck.
10:29 of 2nd period - Snap shot by Rick Schofield.
10:29 of 2nd period - Shot Misses the Net.
10:31 of 2nd period - Snap shot by Rick Schofield.
10:31 of 2nd period - Stopped by Marc Denis with a rebound.
10:37 of 2nd period - Wrist shot by Ryan Keller.
10:37 of 2nd period - Stopped by Marc Denis with a rebound.
10:44 of 2nd period - Icing by Arturs Kulda.
10:45 of 2nd period - Mark Olver wins face-off versus Brandon Saad in Senators zone.
11:00 of 2nd period - Backhand shot by Sergei Kostitsyn.
11:00 of 2nd period - Stopped by Peter Mannino with a rebound.
11:35 of 2nd period - Wrist shot by Gabriel Bourque.
11:35 of 2nd period - Deflect By Jack Skille.
11:35 of 2nd period - Stopped by Peter Mannino with a rebound.
11:53 of 2nd period - Logan Stephenson is hit by Riley Nash and loses puck.
12:36 of 2nd period - Snap shot by Riley Armstrong.
12:36 of 2nd period - Stopped by Marc Denis without a rebound.
12:37 of 2nd period - Riley Armstrong wins face-off versus Mark Olver in Senators zone.
12:58 of 2nd period - Minor Penalty to Logan Stephenson for Hooking.
12:59 of 2nd period - Riley Armstrong wins face-off versus Sergei Kostitsyn in Senators zone.
13:34 of 2nd period - Snap shot by Ryan Keller.
13:34 of 2nd period - Shot Misses the Net.
13:36 of 2nd period - Slapshot by Marcus Foligno.
13:36 of 2nd period - Shot Misses the Net.
13:38 of 2nd period - Snap shot by Rick Schofield.
13:38 of 2nd period - Shot Misses the Net.
13:52 of 2nd period - Snap shot by Cody Hodgson.
13:52 of 2nd period - Stopped by Peter Mannino with a rebound.
13:57 of 2nd period - Off-side.
13:58 of 2nd period - Rick Schofield wins face-off versus Andy Hilbert in neutral zone.
14:23 of 2nd period - Alexei Marchenko is hit by Mark Olver and loses puck.
14:42 of 2nd period - Wrist shot by Cody Hodgson.
14:42 of 2nd period - Stopped by Peter Mannino without a rebound.
14:43 of 2nd period - Cody Hodgson wins face-off versus Riley Armstrong in Mustangs zone.
14:58 of 2nd period - Penalty to Logan Stephenson is over, Logan Stephenson is back on ice.
15:23 of 2nd period - Wrist shot by Jack Skille.
15:23 of 2nd period - Deflect By Nick Bjugstad.
15:23 of 2nd period - Shot Blocked by Joe Finley.
15:23 of 2nd period - Puck is out of play.
15:24 of 2nd period - Rick Schofield wins face-off versus Nick Bjugstad in Mustangs zone.
15:40 of 2nd period - Minor Penalty to Marcus Foligno for Holding.
15:41 of 2nd period - Cody Hodgson wins face-off versus Riley Armstrong in Mustangs zone.
15:45 of 2nd period - Wrist shot by Sergei Kostitsyn.
15:45 of 2nd period - Shot Misses the Net.
15:47 of 2nd period - Snap shot by Sergei Kostitsyn.
15:47 of 2nd period - Shot Blocked by Mark Pysyk.
15:49 of 2nd period - Snap shot by Cody Hodgson.
15:49 of 2nd period - Stopped by Peter Mannino without a rebound.
15:50 of 2nd period - Cody Hodgson wins face-off versus Riley Armstrong in Mustangs zone.
16:01 of 2nd period - Snap shot by Stanislav Chistov.
16:01 of 2nd period - Stopped by Peter Mannino without a rebound.
16:02 of 2nd period - Riley Armstrong wins face-off versus Cody Hodgson in Mustangs zone.
16:07 of 2nd period - Snap shot by Riley Armstrong.
16:07 of 2nd period - Stopped by Marc Denis with a rebound.
17:14 of 2nd period - Backhand shot by Andy Hilbert.
17:14 of 2nd period - Stopped by Peter Mannino without a rebound.
17:15 of 2nd period - Jim O'Brien wins face-off versus Cody Hodgson in Mustangs zone.
17:40 of 2nd period - Penalty to Marcus Foligno is over, Marcus Foligno is back on ice.
17:54 of 2nd period - Wrist shot by Matt Frattin.
17:54 of 2nd period - Deflect By Jaden Schwartz.
17:54 of 2nd period - Shot Misses the Net.
17:54 of 2nd period - Puck is out of play.
17:55 of 2nd period - Rick Schofield wins face-off versus Nick Bjugstad in Mustangs zone.
17:59 of 2nd period - Off-side.
18:00 of 2nd period - Cody Hodgson wins face-off versus Rick Schofield in neutral zone.
18:03 of 2nd period - Snap shot by Sergei Kostitsyn.
18:03 of 2nd period - Goal by Sergei Kostitsyn - Senators : 2 - Mustangs : 3.
18:04 of 2nd period - Riley Armstrong wins face-off versus Cody Hodgson in neutral zone.
18:09 of 2nd period - Backhand shot by Riley Armstrong.
18:09 of 2nd period - Stopped by Marc Denis with a rebound.
18:31 of 2nd period - Milan Jurcina is hit by Rick Schofield and loses puck.
18:38 of 2nd period - Slapshot by Rick Schofield.
18:38 of 2nd period - Shot Misses the Net.
18:40 of 2nd period - Slapshot by Mark Pysyk.
18:40 of 2nd period - Deflect By Jack Skille.
18:40 of 2nd period - Stopped by Marc Denis with a rebound.
18:56 of 2nd period - Nick Bjugstad is hit by Scott Mayfield and loses puck.
19:37 of 2nd period - Alexei Marchenko is hit by Tomas Jurco and loses puck.
Goals for this period are 1 for Senators vs 1 for Mustangs.
Shots for this period are 14 for Senators vs 10 for Mustangs.

3rd period


0:01 of 3rd period - Cody Hodgson wins face-off versus Riley Armstrong in neutral zone.
0:54 of 3rd period - Snap shot by J.T. Wyman.
0:54 of 3rd period - Shot Misses the Net.
0:56 of 3rd period - Snap shot by Brandon Saad.
0:56 of 3rd period - Stopped by Marc Denis with a rebound.
0:58 of 3rd period - Wrist shot by Brandon Saad.
0:58 of 3rd period - Shot Blocked by Arturs Kulda.
1:00 of 3rd period - Slapshot by Jim O'Brien.
1:00 of 3rd period - Stopped by Marc Denis without a rebound.
1:01 of 3rd period - Cody Hodgson wins face-off versus Riley Armstrong in Senators zone.
1:01 of 3rd period - Cody Hodgson is hit by Reilly Smith.
1:12 of 3rd period - Wrist shot by Sergei Kostitsyn.
1:12 of 3rd period - Deflect By Riley Armstrong.
1:12 of 3rd period - Shot Misses the Net.
1:12 of 3rd period - Puck is out of play.
1:13 of 3rd period - Cody Hodgson wins face-off versus Riley Armstrong in Mustangs zone.
1:18 of 3rd period - Snap shot by Sergei Kostitsyn.
1:18 of 3rd period - Goal by Sergei Kostitsyn - Senators : 3 - Mustangs : 3.
1:19 of 3rd period - Riley Armstrong wins face-off versus Cody Hodgson in neutral zone.
1:26 of 3rd period - Snap shot by Riley Armstrong.
1:26 of 3rd period - Stopped by Marc Denis without a rebound.
1:27 of 3rd period - Cody Hodgson wins face-off versus Riley Armstrong in Senators zone.
1:52 of 3rd period - Rick Schofield is hit by Mark Olver and loses puck.
1:59 of 3rd period - Snap shot by Gabriel Bourque.
1:59 of 3rd period - Shot Misses the Net.
2:01 of 3rd period - Slapshot by Logan Stephenson.
2:01 of 3rd period - Shot Blocked by Cameron Gaunce.
2:03 of 3rd period - Slapshot by Gabriel Bourque.
2:03 of 3rd period - Stopped by Peter Mannino without a rebound.
2:04 of 3rd period - Riley Armstrong wins face-off versus Nick Bjugstad in Mustangs zone.
2:18 of 3rd period - Icing by Eric Wellwood.
2:19 of 3rd period - Cody Hodgson wins face-off versus Riley Armstrong in Mustangs zone.
2:28 of 3rd period - Milan Jurcina is hit by Riley Armstrong.
2:38 of 3rd period - Wrist shot by Eric Wellwood.
2:38 of 3rd period - Stopped by Marc Denis with a rebound.
2:40 of 3rd period - Snap shot by Riley Armstrong.
2:40 of 3rd period - Stopped by Marc Denis with a rebound.
2:42 of 3rd period - Slapshot by Scott Mayfield.
2:42 of 3rd period - Stopped by Marc Denis with a rebound.
2:44 of 3rd period - Slapshot by Mark Pysyk.
2:44 of 3rd period - Stopped by Marc Denis with a rebound.
3:18 of 3rd period - Wrist shot by Reilly Smith.
3:18 of 3rd period - Stopped by Marc Denis with a rebound.
3:36 of 3rd period - Snap shot by Riley Armstrong.
3:36 of 3rd period - Shot Blocked by Cody Hodgson.
3:38 of 3rd period - Slapshot by Reilly Smith.
3:38 of 3rd period - Stopped by Marc Denis without a rebound.
3:39 of 3rd period - Mark Olver wins face-off versus Rick Schofield in Senators zone.
3:46 of 3rd period - Snap shot by Gabriel Bourque.
3:46 of 3rd period - Deflect By Jack Skille.
3:46 of 3rd period - Stopped by Peter Mannino without a rebound.
3:47 of 3rd period - Jack Skille wins face-off versus Rick Schofield in Mustangs zone.
4:00 of 3rd period - Snap shot by Marcus Foligno.
4:00 of 3rd period - Shot Misses the Net.
4:16 of 3rd period - Wrist shot by Gabriel Bourque.
4:16 of 3rd period - Stopped by Peter Mannino with a rebound.
4:36 of 3rd period - Slapshot by Cameron Gaunce.
4:36 of 3rd period - Deflect By J.T. Wyman.
4:36 of 3rd period - Stopped by Marc Denis without a rebound.
4:37 of 3rd period - Jim O'Brien wins face-off versus Nick Bjugstad in Senators zone.
4:58 of 3rd period - Nick Bjugstad is hit by J.T. Wyman and loses puck.
5:22 of 3rd period - Wrist shot by J.T. Wyman.
5:22 of 3rd period - Stopped by Marc Denis without a rebound.
5:23 of 3rd period - Cody Hodgson wins face-off versus Riley Armstrong in Senators zone.
5:30 of 3rd period - Wrist shot by Sergei Kostitsyn.
5:30 of 3rd period - Deflect By Cody Hodgson.
5:30 of 3rd period - Shot Blocked by Cameron Gaunce.
5:30 of 3rd period - Puck is out of play.
5:31 of 3rd period - Cody Hodgson wins face-off versus Riley Armstrong in Mustangs zone.
5:44 of 3rd period - Wrist shot by Sergei Kostitsyn.
5:44 of 3rd period - Shot Blocked by Cameron Gaunce.
5:46 of 3rd period - Wrist shot by Sergei Kostitsyn.
5:46 of 3rd period - Shot Blocked by Cameron Gaunce.
6:00 of 3rd period - Snap shot by Ryan Keller.
6:00 of 3rd period - Stopped by Marc Denis without a rebound.
6:01 of 3rd period - Mark Olver wins face-off versus Ryan Keller in Senators zone.
7:12 of 3rd period - Snap shot by Riley Nash.
7:12 of 3rd period - Shot Misses the Net.
7:14 of 3rd period - Snap shot by Jerome Samson.
7:14 of 3rd period - Shot Blocked by Martin Marincin.
7:16 of 3rd period - Snap shot by Joshua Leivo.
7:16 of 3rd period - Stopped by Marc Denis with a rebound.
7:18 of 3rd period - Slapshot by Cameron Gaunce.
7:18 of 3rd period - Deflect By Josh Hennessy.
7:18 of 3rd period - Stopped by Marc Denis without a rebound.
7:19 of 3rd period - Riley Armstrong wins face-off versus Cody Hodgson in Senators zone.
7:20 of 3rd period - Snap shot by Eric Wellwood.
7:20 of 3rd period - Shot Misses the Net.
7:28 of 3rd period - Slapshot by Sergei Kostitsyn.
7:28 of 3rd period - Stopped by Peter Mannino without a rebound.
7:29 of 3rd period - Cody Hodgson wins face-off versus Riley Armstrong in Mustangs zone.
8:22 of 3rd period - Slapshot by Cody Hodgson.
8:22 of 3rd period - Stopped by Peter Mannino with a rebound.
8:24 of 3rd period - Snap shot by Stanislav Chistov.
8:24 of 3rd period - Stopped by Peter Mannino with a rebound.
8:26 of 3rd period - Slapshot by Jeff Petry.
8:26 of 3rd period - Stopped by Peter Mannino without a rebound.
8:27 of 3rd period - Mark Olver wins face-off versus Rick Schofield in Mustangs zone.
8:28 of 3rd period - Wrist shot by Gabriel Bourque.
8:28 of 3rd period - Shot Misses the Net.
9:13 of 3rd period - Minor Penalty to Joshua Leivo for Hooking.
9:14 of 3rd period - Riley Armstrong wins face-off versus Cody Hodgson in Mustangs zone.
9:19 of 3rd period - Wrist shot by Sergei Kostitsyn.
9:19 of 3rd period - Shot Blocked by Eric Wellwood.
9:21 of 3rd period - Slapshot by Milan Jurcina.
9:21 of 3rd period - Stopped by Peter Mannino without a rebound.
9:22 of 3rd period - Cody Hodgson wins face-off versus Riley Armstrong in Mustangs zone.
9:23 of 3rd period - Wrist shot by Stanislav Chistov.
9:23 of 3rd period - Shot Misses the Net.
9:25 of 3rd period - Slapshot by Logan Stephenson.
9:25 of 3rd period - Deflect By Cody Hodgson.
9:25 of 3rd period - Shot Misses the Net.
9:25 of 3rd period - Puck is out of play.
9:26 of 3rd period - Riley Armstrong wins face-off versus Cody Hodgson in Mustangs zone.
9:54 of 3rd period - Off-side.
9:55 of 3rd period - Josh Hennessy wins face-off versus Riley Armstrong in neutral zone.
10:22 of 3rd period - Slapshot by Logan Stephenson.
10:22 of 3rd period - Stopped by Peter Mannino without a rebound.
10:23 of 3rd period - Cody Hodgson wins face-off versus Rick Schofield in Mustangs zone.
11:13 of 3rd period - Penalty to Joshua Leivo is over, Joshua Leivo is back on ice.
11:44 of 3rd period - Icing by Scott Mayfield.
11:45 of 3rd period - Riley Armstrong wins face-off versus Mark Olver in Mustangs zone.
11:45 of 3rd period - Riley Armstrong is hit by Mark Olver.
12:18 of 3rd period - Scott Mayfield is hit by Matt Frattin and loses puck.
12:33 of 3rd period - Snap shot by Marcus Foligno.
12:33 of 3rd period - Deflect By Rick Schofield.
12:33 of 3rd period - Shot Misses the Net.
12:33 of 3rd period - Puck is out of play.
12:34 of 3rd period - Rick Schofield wins face-off versus Cody Hodgson in Senators zone.
12:35 of 3rd period - Wrist shot by Marcus Foligno.
12:35 of 3rd period - Shot Misses the Net.
12:37 of 3rd period - Snap shot by Alexei Marchenko.
12:37 of 3rd period - Stopped by Marc Denis with a rebound.
12:42 of 3rd period - Icing by Milan Jurcina.
12:43 of 3rd period - Rick Schofield wins face-off versus Cody Hodgson in Senators zone.
12:48 of 3rd period - Snap shot by Marcus Foligno.
12:48 of 3rd period - Deflect By Rick Schofield.
12:48 of 3rd period - Shot Blocked by Cody Hodgson.
12:48 of 3rd period - Puck is out of play.
12:49 of 3rd period - Rick Schofield wins face-off versus Cody Hodgson in Senators zone.
14:05 of 3rd period - Snap shot by Sergei Kostitsyn.
14:05 of 3rd period - Shot Misses the Net.
14:27 of 3rd period - Wrist shot by Jack Skille.
14:27 of 3rd period - Stopped by Peter Mannino with a rebound.
14:29 of 3rd period - Slapshot by Martin Marincin.
14:29 of 3rd period - Stopped by Peter Mannino with a rebound.
14:50 of 3rd period - Jaden Schwartz is hit by Scott Mayfield and loses puck.
15:01 of 3rd period - Snap shot by Jim O'Brien.
15:01 of 3rd period - Stopped by Marc Denis with a rebound.
15:37 of 3rd period - Slapshot by Jim O'Brien.
15:37 of 3rd period - Goal by Jim O'Brien - Senators : 3 - Mustangs : 4.
15:38 of 3rd period - Riley Armstrong wins face-off versus Cody Hodgson in neutral zone.
15:50 of 3rd period - Snap shot by Sergei Kostitsyn.
15:50 of 3rd period - Stopped by Peter Mannino with a rebound.
15:52 of 3rd period - Slapshot by Arturs Kulda.
15:52 of 3rd period - Shot Misses the Net.
15:54 of 3rd period - Slapshot by Stanislav Chistov.
15:54 of 3rd period - Shot Misses the Net.
16:10 of 3rd period - Wrist shot by Marcus Foligno.
16:10 of 3rd period - Deflect By Ryan Keller.
16:10 of 3rd period - Stopped by Marc Denis with a rebound.
16:12 of 3rd period - Slapshot by Cameron Gaunce.
16:12 of 3rd period - Stopped by Marc Denis with a rebound.
16:14 of 3rd period - Slapshot by Rick Schofield.
16:14 of 3rd period - Deflect By Ryan Keller.
16:14 of 3rd period - Mustangs goal is going for a video replay.
16:14 of 3rd period - The goal is good.
16:14 of 3rd period - Goal by Ryan Keller - Senators : 3 - Mustangs : 5.
16:15 of 3rd period - Riley Armstrong wins face-off versus Cody Hodgson in neutral zone.
16:43 of 3rd period - Off-side.
16:44 of 3rd period - Josh Hennessy wins face-off versus Rick Schofield in neutral zone.
16:49 of 3rd period - Slapshot by Jeff Petry.
16:49 of 3rd period - Shot Blocked by Joe Finley.
17:05 of 3rd period - Minor Penalty to Tomas Jurco for High sticking.
17:06 of 3rd period - Riley Armstrong wins face-off versus Sergei Kostitsyn in Senators zone.
17:06 of 3rd period - Slapshot by Eric Wellwood.
17:06 of 3rd period - Shot Misses the Net.
17:08 of 3rd period - Slapshot by Reilly Smith.
17:08 of 3rd period - Stopped by Marc Denis without a rebound.
17:09 of 3rd period - Sergei Kostitsyn wins face-off versus Eric Wellwood in Senators zone.
19:05 of 3rd period - Penalty to Tomas Jurco is over, Tomas Jurco is back on ice.
19:24 of 3rd period - Wrist shot by J.T. Wyman.
19:24 of 3rd period - Shot Misses the Net.
19:40 of 3rd period - Slapshot by Stanislav Chistov.
19:40 of 3rd period - Stopped by Peter Mannino with a rebound.
19:50 of 3rd period - Stanislav Chistov is hit by Brandon Saad and loses puck.
Goals for this period are 1 for Senators vs 2 for Mustangs.
Shots for this period are 14 for Senators vs 21 for Mustangs.